Map: Ulrena

Players

Hindulaatti

  • Race: Protoss Protoss
  • League: Diamond

Humbi

  • Race: Protoss Protoss
  • League: Bronze

fanzuu

  • Race: Zerg Zerg

vole

  • Race: Zerg Zerg

VOD

Have the link to the VOD?

Description

Time

  • Played on: Jan. 1, 2016, 3:52 p.m.
  • Length: 12:14
Show
View Real Time Build Order
Export as new Build Order

Hindulaatti Protoss 

Build Orders:  

Get SALT Encoding   

  12  0:01  Probe (Chrono Boost)  
  13  0:11  Probe (Chrono Boost)  
  14  0:18  Pylon  
  14  0:22  Probe (Chrono Boost)  
  15  0:36  Probe (Chrono Boost)  
  16  0:44  Gateway  
  16  0:47  Probe (Chrono Boost)  
  17  0:59  Probe (Chrono Boost)  
  17  1:02  Assimilator  
  18  1:11  Probe (Chrono Boost)  
  18  1:35  Cybernetics Core  
  18  1:39  Probe (Chrono Boost)  
  19  1:43  Assimilator  
  19  1:44  Pylon  
  19  1:49  Probe (Chrono Boost)  
  20  1:56  Nexus  
  21  2:01  Probe (Chrono Boost)  
  21  2:12  Mothership Core (Chrono Boost)  
  21  2:14  Adept  
  25  2:20  Warp Gate (Chrono Boost)  
  25  2:30  Probe (Chrono Boost)  
  26  2:38  Robotics Facility  
  26  2:42  Probe (Chrono Boost)  
  27  2:55  Pylon, Adept  
  29  2:59  Probe (Chrono Boost)  
  29  3:17  Probe  
  29  3:18  Probe  
  31  3:22  Adept  
  31  3:24  Pylon  
  33  3:35  Immortal  
  33  3:38  Probe  
  36  3:42  Probe  
  37  3:51  Probe  
  37  3:53  Probe  
  41  3:55  Adept  
  41  4:05  Gateway  
  41  4:06  Probe  
  41  4:08  Probe  
  41  4:18  Gateway  
  39  4:24  Warp Prism  
  39  4:27  Probe  
  39  4:29  Probe  
  43  4:38  Pylon  
  43  4:39  Pylon  
  43  4:45  Probe  
  43  4:47  Probe  
  43  4:51  Adept  
  47  4:56  Probe  
  47  4:59  Probe  
  49  5:01  Assimilator  
  49  5:09  Probe  
  49  5:11  Probe  
  49  5:12  Observer  
  52  5:14  Adept x3  
  52  5:20  Probe  
  58  5:23  Probe  
  58  5:26  Assimilator  
  60  5:30  Robotics Bay, Probe  
  60  5:33  Pylon  
  61  5:39  Adept x2  
  65  5:56  Probe  
  65  5:57  Warp Prism, Probe  
  63  5:59  Adept  
  67  6:07  Probe  
  67  6:08  Adept x2  
  67  6:10  Probe  
  71  6:20  Probe  
  71  6:22  Probe  
  69  6:30  Probe  
  69  6:32  Disruptor  
  64  6:34  Probe  
  64  6:37  Nexus  
  64  6:39  Pylon, Stalker x2  
  72  6:43  Adept  
  70  6:52  Probe  
  70  6:53  Probe  
  66  7:06  Adept  
  66  7:07  Twilight Council, Adept x2  
  72  7:08  Pylon  
  72  7:10  Disruptor  
  71  7:27  Gateway  
  71  7:29  Gateway  
  71  7:31  Gateway  
  71  7:39  Nexus  
  71  7:47  Pylon x2  
  71  7:49  Adept x3  
  74  7:52  Disruptor  
  76  8:18  Stalker x3  
  77  8:39  Adept x5  
  87  8:43  Probe x2  
  87  8:55  Probe x2  
  89  9:06  Adept x6  
  89  9:07  Probe  
  89  9:09  Assimilator, Gateway  
  96  9:10  Assimilator  
  96  9:18  Templar Archives  
  96  9:19  Pylon  
  96  9:21  Resonating Glaives (Chrono Boost), Disruptor  
  97  9:28  Adept x2  
  97  9:30  Sentry  
  105  9:32  Adept  
  93  9:48  Adept x4  
  101  10:03  Adept x2  
  103  10:22  Probe  
  103  10:24  Observer, Probe x2  
  103  10:26  Psionic Storm  
  107  10:36  High Templar x7  
  121  10:43  Archon x3  
  121  10:46  Observer  
  120  10:51  Probe  
  120  10:52  Probe  
  120  10:53  Probe  
  109  11:11  Disruptor  
  102  11:21  Stalker x6  
  102  11:22  Stalker  
  109  11:27  Probe  
  109  11:28  Probe x2  
  112  11:45  Nexus  
  112  11:46  Pylon  
  112  11:48  Adept x7  
  112  11:50  Pylon  
  123  12:09  Adept x4  
  123  12:10  Adept x3  
Show
View Real Time Build Order
Export as new Build Order

Humbi Protoss 

Build Orders:  

Get SALT Encoding   

  12  0:02  Drone  
  13  0:12  Drone  
  14  0:17  Overlord  
  14  0:35  Drone x2  
  15  0:36  Drone  
  17  1:03  Spawning Pool  
  17  1:04  Extractor  
  15  1:11  Hatchery  
  15  1:16  Drone  
  16  1:18  Drone  
  16  1:22  Drone  
  17  1:30  Drone  
  18  1:38  Drone  
  19  1:48  Drone  
  19  1:50  Queen  
  22  1:59  Overlord  
  22  2:18  Hatchery  
  21  2:26  Drone x3  
  24  2:37  Drone  
  24  2:38  Drone  
  26  2:54  Drone x3  
  26  2:56  Queen  
  31  3:05  Queen  
  31  3:07  Drone x2  
  35  3:17  Spine Crawler  
  30  3:28  Drone  
  30  3:29  Drone x4  
  33  3:37  Zergling x6  
  33  3:38  Zergling x2  
  37  3:47  Metabolic Boost  
  37  3:55  Zergling x2  
  38  4:05  Drone x4  
  42  4:10  Overlord x2  
  40  4:21  Queen  
  40  4:26  Lair  
  40  4:32  Drone x2  
  40  4:33  Evolution Chamber  
  40  4:46  Drone x3  
  40  4:47  Drone x4  
  47  4:59  Zerg Ground Armor Level 1  
  47  5:05  Evolution Chamber  
  47  5:06  Drone x2  
  47  5:07  Drone x3  
  50  5:10  Overlord  
  51  5:18  Drone  
  51  5:19  Drone x4  
  52  5:38  Zerg Missile Weapons Level 1  
  45  5:59  Zergling x16  
  45  6:00  Zergling x16  
  45  6:01  Zergling x6  
  59  6:11  Queen x3  
  47  6:27  Drone x2  
  47  6:28  Drone x6  
  51  6:38  Drone, Hydralisk Den, Extractor  
  51  6:39  Drone  
  45  6:59  Zergling x10  
  50  7:08  Extractor  
  49  7:09  Extractor  
  49  7:10  Drone x2  
  49  7:11  Drone  
  49  7:15  Overlord x3, Extractor  
  49  7:17  Extractor  
  46  7:24  Hydralisk  
  46  7:25  Hydralisk x3  
  46  7:27  Zergling x4  
  46  7:28  Zergling x2  
  56  7:34  Drone  
  56  7:35  Drone x2  
  56  7:44  Lurker Den  
  54  8:04  Drone x3  
  54  8:05  Drone x2, Hydralisk  
  59  8:08  Zergling x2  
  62  8:15  Drone x2  
  62  8:18  Drone  
  52  8:29  Zergling x6  
  52  8:30  Zergling x2  
  55  8:40  Zergling x4  
  55  8:41  Zergling x4  
  57  8:46  Hydralisk  
  57  8:47  Zergling x2  
  57  8:56  Zergling x6  
  57  8:57  Zergling x2  
  58  9:11  Hydralisk  
  58  9:12  Zergling x6  
  58  9:13  Zergling x2  
  63  9:26  Drone x5  
  63  9:27  Drone  
  63  9:31  Zergling x2  
  70  9:34  Hydralisk  
  70  9:35  Hydralisk  
  67  9:46  Hydralisk x3  
  67  9:48  Zergling x2  
  67  9:50  Zergling x2  
  75  9:55  Lurker  
  75  9:56  Lurker  
  75  9:59  Hydralisk  
  77  10:00  Zergling x4  
  77  10:02  Overlord  
  81  10:11  Drone x2  
  81  10:12  Zergling x2  
  82  10:26  Hydralisk x2  
  82  10:27  Zergling x8  
  90  10:29  Overlord x2  
  87  10:45  Zergling x2, Hydralisk  
  87  10:46  Hydralisk  
  87  10:47  Zergling x2  
  82  10:53  Hydralisk  
  82  10:54  Zergling x4  
  74  11:12  Hydralisk  
  74  11:13  Zergling x8, Hydralisk x2  
  66  11:26  Zergling x4  
  60  11:34  Hydralisk  
  60  11:35  Zergling x4, Hydralisk  
  66  11:48  Hydralisk x2  
  66  11:53  Hatchery  
  66  12:00  Spore Crawler  
  50  12:10  Lurker  
  50  12:11  Lurker  
Show
View Real Time Build Order
Export as new Build Order

fanzuu Zerg 

Build Orders:  

Get SALT Encoding   

Show
View Real Time Build Order
Export as new Build Order

vole Zerg 

Build Orders:  

Get SALT Encoding   

Tags
 
Add a new tag
Caveats
  • Supply blocks, unpowered buildings, or Contaminate may cause inaccurate times.
  • Supply counts are checked every 10 seconds.